 Dungeon Crawl Stone Soup version 0.28.0-49-g6dfe1f597d (webtiles) character file.

Game seed: 1651568173210948869

322 styxcanada the Covert (level 6, 0/30 HPs)
             Began as a Spriggan Brigand on May 12, 2022.
             Succumbed to an orc wizard's poison
             ... on level 4 of the Dungeon.
             The game lasted 00:12:57 (3677 turns).

styxcanada the Covert (Spriggan Brigand)            Turns: 3677, Time: 00:12:58

Health: 0/30       AC:  5    Str:  7    XL:     6   Next: 22%
Magic:  7/7        EV: 17    Int: 12    God:
Gold:   78         SH:  0    Dex: 19    Spells: 5/5 levels left

rFire   . . .      SeeInvis +   a - +2 dagger
rCold   . . .      Faith    .   (no shield)
rNeg    . . .      Spirit   .   x - +0 troll leather armour {Pargi}
rPois   .          Reflect  .   (helmet restricted)
rElec   .          Harm     .   c - +0 cloak
rCorr   .          Rampage  .   (gloves unavailable)
Will    +....                   (boots unavailable)
Stlth   ++++......              (no amulet)
HPRegen 0.90/turn               (no ring)
MPRegen 0.10/turn               (no ring)

@: lethally poisoned (0 -> -4), very quick
A: very small, no large weapons, unfitting armour, see invisible, speed 3
a: no special abilities


You were on level 4 of the Dungeon.
You visited 1 branch of the dungeon, and saw 4 of its levels.

You collected 78 gold pieces.

Inventory:

Hand Weapons
 a - a +2 dagger (weapon)
 p - a +0 hunting sling
Missiles
 d - 10 poisoned darts (quivered)
 e - a curare-tipped dart
 i - 98 stones
 k - 16 sling bullets
 q - 2 boomerangs
Armour
 c - a +0 cloak (worn)
 h - an orb of mayhem
 x - a +0 troll leather armour (worn) {Pargi}
Jewellery
 n - an amulet of the acrobat
Scrolls
 b - a scroll of identify
 g - 2 scrolls of immolation
 o - 2 scrolls of teleportation {unknown}
 t - 2 scrolls of fear {unknown}
 w - a scroll of noise {unknown}
Potions
 f - a potion of cancellation
 j - a potion of curing
 m - a potion of flight
 r - a potion of mutation
 s - 4 potions of might {unknown}
 u - a potion of heal wounds {unknown}
 v - 2 potions of brilliance {unknown}


   Skills:
 + Level 2.3 Fighting
 + Level 3.8 Short Blades
 + Level 2.9 Throwing
 + Level 2.9 Dodging
 + Level 8.8 Stealth


You had 5 spell levels left.
You didn't know any spells.
Your spell library contained the following spells:

 Spells                   Type           Power      Damage    Failure   Level
 Animate Skeleton         Necr           0%         N/A       45%         1


Dungeon Overview and Level Annotations

Branches:
Dungeon (4/15)
 Temple: D:4-7

Altars:
Hepliaklqana
Makhleb
Wu Jian
Xom
The Shining One


Innate Abilities, Weirdness & Mutations

You are very small and have problems with some larger weapons.
You are too small for most types of armour.
You have supernaturally acute eyesight. (SInv)
You cover ground extremely quickly. (Speed+++)


Message History

You hit the orc wizard but do no damage.
The orc wizard is lightly wounded.
You feel very sick. The orc wizard closely misses you.
You hit the orc wizard but do no damage.
The orc wizard is lightly wounded.
You feel sick.
The orc wizard points at you and mumbles some strange words.
The puff of flame hits you.
You miss the orc wizard.
The orc wizard is lightly wounded.
You feel sick. The orc wizard casts a spell at you. The magic dart hits you.
You completely miss the orc wizard.
The orc wizard is lightly wounded.
You feel sick.
You barely miss the orc wizard.
The orc wizard is lightly wounded.
You feel sick.
The orc wizard hits you with a +1 dagger of venom.
You are lethally poisoned!
You closely miss the orc wizard.
The orc wizard is lightly wounded.
* * * LOW HITPOINT WARNING * * *
You feel very sick. The orc wizard misses you.
You closely miss the orc wizard.
The orc wizard is lightly wounded.
* * * LOW HITPOINT WARNING * * *
You feel very sick. The orc wizard misses you.
You closely miss the orc wizard.
The orc wizard is lightly wounded.
* * * LOW HITPOINT WARNING * * *
You feel very sick.
The orc wizard hits you but does no damage.
* * * LOW HITPOINT WARNING * * *
You feel sick.
You die...

...####.####..###...###...###..).
.................[..............#
.....##....#......§......######.#
......#.##.....≈≈≈≈≈≈≈§≈.# #..
......#.#......≈.§§...§§.# ###
......#.#.###..≈o≈≈≈≈≈.§.#
....<.#.#.# #..≈.≈...≈.≈..
......#.#.# #..≈..._.≈.≈..
.....##.#.# #..§@≈...≈.≈
......#...###..≈.≈≈≈≈≈.≈
........###....≈.......≈
.......## #.#..≈.≈≈≈≈§≈≈ ......##
##.#...........
......####..#.######...#
...).).................#
....#....#.....#########
####..###......#


You could see an orc wizard (invisible).

Vanquished Creatures
  Sigmund (D:3)
  Pargi (D:3)
  An adder (D:4)
  2 worms
  A dart slug (D:1)
  4 orcs (D:4)
  5 ball pythons
  4 endoplasms
  5 giant cockroaches
  3 goblins
  5 hobgoblins
  7 quokkas
  2 bats (D:1)
  4 frilled lizards
  4 kobolds
  4 rats
53 creatures vanquished.

Notes
Turn   | Place    | Note
-------+----------+-------------------------------------------
     0 | D:1      | styxcanada the Spriggan Brigand began the quest for the
                  | Orb.
     0 | D:1      | Reached XP level 1. HP: 10/10 MP: 2/2
    51 | D:1      | Reached skill level 6 in Stealth
   700 | D:1      | Reached XP level 2. HP: 15/15 MP: 3/3
  1047 | D:1      | You fall into a shaft and drop 1 floor!
  1647 | D:1      | Found a faded altar of an unknown god.
  1656 | D:1      | Got Plato's Grimoire of Necromancy
  2048 | D:2      | Reached XP level 3. HP: 18/18 MP: 4/4
  2272 | D:2      | Found a hazy altar of Hepliaklqana.
  2605 | D:3      | Found a shimmering altar of Xom.
  2849 | D:3      | Noticed Sigmund
  2856 | D:3      | Killed Sigmund
  2857 | D:3      | Reached skill level 8 in Stealth
  2857 | D:3      | Reached XP level 4. HP: 23/23 MP: 5/5
  2857 | D:3      | Reached XP level 5. HP: 26/26 MP: 6/6
  2917 | D:3      | Noticed Pargi
  2925 | D:3      | Killed Pargi
  2926 | D:3      | Reached XP level 6. HP: 30/30 MP: 7/7
  2980 | D:3      | Found an ornate altar of the Wu Jian Council.
  2981 | D:3      | Found a glowing golden altar of the Shining One.
  3520 | D:4      | Found a burning altar of Makhleb.
  3677 | D:4      | Succumbed to an orc wizard's poison

Illustrated notes

Levels and vault maps discovered:
D:1:      heliophobic_arrival_enchanted_forest, layout_basic,
          shapermc_ecumenical_altar_rom_forum,
          hangedman_abyss_or_decor_lesser_grid, grunt_decor_clamped,
          palyth_stone_intersect
D:2:      layout_loops_cross, basic_altar
D:3:      layout_basic, gammafunk_temple_overflow_pools,
          mainiacjoe_overflow_boulevard, uniq_pargi, uniq_sigmund
D:4:      layout_rooms, mainiacjoe_overflow_concentric_impassable,
          chequers_serial_rivers_micro_a

Skill      XL: |  1  2  3 |
---------------+----------+-----
Stealth        | 6 8 |  8.8
Dodging        | 2 |  2.9
Fighting       | 2 |  2.3
Short Blades   | 3 |  3.8
Throwing       | |  2.9

Action                   |  1- 3 |  4- 6 || total
-------------------------+-------+-------++-------
Melee: Dagger            |    98 |    29 ||   127
       Punch             |     1 |       ||     1
Throw: Dart              |    15 |    13 ||    28
  Use: Scroll            |       |     5 ||     5
 Stab: Sleeping          |    16 |     3 ||    19
       Distracted        |     1 |       ||     1
Armor: Robe              |     6 |       ||     6
       Troll leather arm |       |     6 ||     6
Dodge: Dodged            |    57 |    17 ||    74
